AoeStats
← GianpaMX

Arena

510253278Analyzed
4v4 RM · 1d ago on Sep 30, 2026· 53m 21s· 8 players
Game mode
Random Map
Map size
Large (8 player)
Population
200
Speed
Normal
Resources
Standard
Victory
Conquest
Starting age
Dark Age
Ending age
Imperial Age
RankedLock teamsTeams togetherTeam positionsShared explorationLock speedFull tech treeHidden civsTurbo modeCheats
Victory
Defeat
🇲🇽 Varangians · Mexico
1169
+15
🇲🇽 Hindustanis · Mexico
1158
+16
🇲🇽 Spanish · Mexico
1150
+16
🇲🇽 Maya · Mexico
1052
+19
🇦🇺 Bohemians · Australia
1182
-18
🇲🇽 Varangians · Mexico
1139
-16
🇻🇳 Mongols · Vietnam
1135
-16
🇲🇽 Danes · Mexico
1130
-16
Bread
10:10 Feudal Age
11:38 Wheelbarrow
14:01 Castle Age
12:58 Double-Bit Axe
19:41 Fervor
23:29 Squires
25:42 Wheelbarrow
26:25 Scale Mail Armor
27:25 Horse Collar
27:48 Pikeman
29:26 Forging
30:25 Elite Skirmisher
31:50 Wheelbarrow
31:38 Loom
32:23 Ballistics
32:56 Heavy Plow
33:30 Sanctity
33:25 Fletching
35:03 Hand Cart
39:51 Imperial Age
38:35 Chemistry
39:18 Bodkin Arrow
39:18 Elite Skirmisher
40:18 Wagenburg Tactics
40:29 Padded Archer Armor
42:48 Bracer
preCoss
10:23 Feudal Age
14:15 Castle Age
13:43 Double-Bit Axe
21:07 Horse Collar
22:10 Bow Saw
22:56 Heavy Plow
23:04 Loom
25:00 Wheelbarrow
24:19 Gold Mining
26:52 Stone Mining
27:32 Scale Barding Armor
27:40 Bloodlines
28:14 Husbandry
29:04 Chain Barding Armor
29:20 Stone Shaft Mining
29:22 Forging
30:26 Ballistics
31:54 Iron Casting
31:37 Hand Cart
34:21 Imperial Age
35:45 Plate Barding Armor
34:33 Elite Jarl
36:02 Conscription
37:17 Crop Rotation
37:47 Two-Man Saw
37:54 Blast Furnace
36:58 Fletching
38:10 Chemistry
37:22 Masonry
36:52 Treadmill Crane
37:43 Vendel Legacy
38:16 Cavalier
39:06 Bodkin Arrow
42:58 Architecture
42:24 Murder Holes
42:39 Bracer
43:09 Gothikon
44:27 Scale Mail Armor
44:14 Gambesons
44:30 Squires
44:16 Arson
43:52 Elite Varangian Guard
46:33 Chain Mail Armor
48:02 Plate Mail Armor
kw3dsky
10:10 Feudal Age
15:05 Castle Age
14:51 Stone Mining
25:59 Wheelbarrow
25:11 Loom
25:44 Fletching
28:34 Hand Cart
29:18 Bodkin Arrow
35:28 Imperial Age
33:22 Padded Archer Armor
34:42 Scale Barding Armor
34:48 Forging
34:36 Double-Bit Axe
34:32 Horse Collar
35:29 Stone Shaft Mining
34:45 Gold Mining
35:20 Leather Archer Armor
35:46 Chain Barding Armor
36:58 Conscription
37:25 Gold Shaft Mining
36:57 Husbandry
38:12 Bloodlines
38:42 Heavy Camel Rider
38:45 Elite Steppe Lancer
40:49 Bracer
40:58 Elite Mangudai
42:44 Iron Casting
42:15 Heavy Plow
45:11 Blast Furnace
44:52 Ballistics
45:33 Chemistry
46:15 Hoardings
47:21 Nomads
49:57 Fortified Wall
marck404
5:20 Loom
11:54 Feudal Age
16:16 Castle Age
14:05 Horse Collar
14:32 Double-Bit Axe
16:30 Wheelbarrow
17:28 Heavy Plow
17:49 Bow Saw
21:34 Pikeman
33:07 Imperial Age
31:27 Hand Cart
31:17 Squires
31:31 Scale Mail Armor
32:28 Arson
32:48 Hamask
33:40 Onager
34:14 Northmen's Fury
35:06 Halberdier
41:52 Chain Mail Armor
41:48 Forging
43:39 Siege Onager
GianpaMX
11:34 Feudal Age
15:21 Castle Age
13:42 Double-Bit Axe
13:43 Horse Collar
16:24 Bow Saw
16:17 Heavy Plow
19:49 Fervor
20:28 Forging
21:48 Stone Mining
21:48 Gold Mining
26:30 Iron Casting
26:04 Scale Barding Armor
27:42 Bloodlines
27:32 Husbandry
27:43 Fletching
28:20 Chain Barding Armor
30:48 Imperial Age
28:55 Wheelbarrow
28:07 Loom
28:33 Elite Skirmisher
29:17 Padded Archer Armor
30:00 Thumb Ring
30:46 Ballistics
35:21 Blast Furnace
34:57 Conscription
35:01 Bodkin Arrow
35:22 Leather Archer Armor
36:36 Leather Archer Armor
37:42 Heavy Camel Rider
39:27 Hand Cart
38:57 Town Watch
40:25 Plate Barding Armor
40:35 Bracer
42:45 Ring Archer Armor
41:38 Imperial Camel Rider
43:23 Chemistry
42:34 Masonry
42:30 Grand Trunk Road
43:59 Two-Man Saw
45:58 Shatagni
46:34 Hoardings
Hogos
11:40 Feudal Age
15:16 Castle Age
13:16 Double-Bit Axe
15:00 Horse Collar
16:11 Bow Saw
15:53 Loom
19:33 Scale Barding Armor
24:13 Wheelbarrow
23:24 Town Watch
23:57 Heavy Plow
29:25 Imperial Age
27:34 Gold Mining
28:26 Bloodlines
28:16 Husbandry
28:38 Chain Barding Armor
28:29 Forging
29:06 Hand Cart
29:22 Stone Mining
29:53 Cavalier
31:13 Plate Barding Armor
32:05 Two-Man Saw
31:38 Crop Rotation
33:34 Gothikon
34:34 Conscription
35:27 Iron Casting
34:25 Vendel Legacy
38:36 Blast Furnace
42:56 Caravan
HunabKu
0:32 Loom
12:10 Feudal Age
13:46 Double-Bit Axe
13:47 Horse Collar
18:51 Castle Age
19:22 Pikeman
21:18 Bow Saw
20:47 Crossbowman
23:19 Heavy Plow
25:11 Wheelbarrow
25:17 Gold Mining
26:56 Elite Skirmisher
30:36 Hand Cart
33:48 Forging
33:44 Fletching
34:24 Thumb Ring
35:00 Bodkin Arrow
36:14 Scale Mail Armor
37:55 Padded Archer Armor
41:45 Imperial Age
39:58 Iron Casting
41:44 Chain Mail Armor
41:40 Squires
42:29 Halberdier
45:35 Blast Furnace
44:39 Eagle Warrior
46:14 Arbalester
47:44 Leather Archer Armor
48:45 Two-Man Saw
48:17 Crop Rotation
48:24 Elite Eagle Warrior
52:16 Stone Mining
54:14 Plate Mail Armor
54:30 Stone Shaft Mining
53:59 Bracer
goji_1111
7:48 Loom
10:26 Feudal Age
15:03 Castle Age
13:49 Stone Mining
13:54 Fletching
17:50 Double-Bit Axe
23:30 Padded Archer Armor
24:51 Bodkin Arrow
25:12 Leather Archer Armor
29:19 Wheelbarrow
29:36 Bow Saw
29:37 Horse Collar
31:05 Leather Archer Armor
35:46 Imperial Age
33:52 Gold Mining
34:12 Heavy Plow
36:51 Conscription
37:40 Conscription
38:12 Elite Conquistador
39:47 Stone Shaft Mining
39:57 Bracer
40:28 Ring Archer Armor
40:38 Bloodlines
42:21 Cavalier
43:38 Husbandry
43:54 Light Cavalry
44:54 Fortified Wall
45:03 Hand Cart
46:54 Ballistics
47:35 Chemistry
47:04 Paladin
49:28 Two-Man Saw
49:00 Ring Archer Armor
48:41 Forging
48:37 Scale Barding Armor
50:53 Town Watch
51:51 Hoardings
50:55 Hussar
52:32 Iron Casting
52:18 Chain Barding Armor
52:51 Scale Mail Armor
52:54 Town Patrol
54:43 Blast Furnace
Connection lost

Rejoining the realm…

Still unreachable

The connection could not be restored.

Session expired

The server has moved on; the page needs a fresh start.